 Dungeon Crawl Stone Soup version 0.21-a0-140-g479285b (webtiles) character file.

47 tehllama the Digger (level 3, 0/19 HPs)
             Began as a Gargoyle Earth Elementalist on July 20, 2017.
             Slain by an orc
             ... wielding a +0 falchion
              (1 damage)
             ... on level 1 of the Dungeon.
             The game lasted 00:01:29 (1217 turns).

tehllama the Digger (Gargoyle Earth Elementalist)   Turns: 1217, Time: 00:01:30

Health: 0/19       AC:  5    Str: 11    XL:     3   Next: 70%
Magic:  1/7        EV: 12    Int: 16    God:
Gold:   77         SH:  0    Dex: 10    Spells: 6/7 levels left

rFire    . . .     SeeInvis .   g - +0 club
rCold    . . .     Gourm    .   (no shield)
rNeg     + . .     Faith    .   c - +0 robe
rPois    ∞         Spirit   .   (no helmet)
rElec    +         Reflect  .   (no cloak)
rCorr    .         Harm     .   (no gloves)
MR       .....                  (no boots)
Stlth    ++........             (no amulet)
HPRegen  0.06/turn              (no ring)
MPRegen  0.10/turn              (no ring)

@: slowed, very slow
A: negative energy resistance 1, electricity resistance, unbreathing,
petrification resistance, rot immunity, AC +3
a: no special abilities


You were on level 1 of the Dungeon.
You were very hungry.

You visited 1 branch of the dungeon, and saw 1 of its levels.

You collected 77 gold pieces.

Inventory:

Hand Weapons
 g - a +0 club (weapon)
Missiles
 b - 58 stones (quivered)
Armour
 c - a +0 robe (worn)
Scrolls
 h - a scroll of enchant armour {unknown}
Potions
 a - a potion of magic {unknown}
 f - a potion of cancellation {unknown}
Books
 e - a book of Geomancy

   Spells                             Type                      Level
   a - Sandblast                      Earth                        1
   b - Passwall                       Transmutation/Earth          2
   c - Stone Arrow                    Conjuration/Earth            3
   d - Petrify                        Transmutation/Earth          4
   e - Lee's Rapid Deconstruction     Earth                        5
Comestibles
 d - 2 bread rations


   Skills:
 - Level 1.5 Dodging
 - Level 2.1 Stealth
 + Level 2.9 Spellcasting
   Level 0.7 Transmutations
 + Level 4.6 Earth Magic


You had 6 spell levels left.
You knew the following spells:

 Your Spells              Type           Power        Failure   Level  Hunger
a - Sandblast             Erth           ###...       2%          1    #......


Dungeon Overview and Level Annotations

Branches:
Dungeon (1/15)

Altars:
Ashenzari


Innate Abilities, Weirdness & Mutations

You are resistant to torment.
Your stone body is resilient. (AC +3)
You are immune to poison.
You resist negative energy. (rN+)
You are resistant to electric shocks. (rElec)
You can survive without breathing.
You are immune to petrification.
You are immune to rotting.


Message History

Aiming: Sandblast
Press: ? - help, Shift-Dir - straight line, f/p - orc wizard
Aim: an orc wizard, wielding a dagger and wearing a robe (lightly wounded, fast)
The blast of sand hits the orc wizard.
The orc wizard is heavily wounded.
b - 59 stones The orc wizard hits you with a dagger.
The orc hits you but does no damage.
The orc hits you from afar with a trident!
* * * LOW HITPOINT WARNING * * *
The orc wizard barely misses you.
Casting: Sandblast
Confirm with . or Enter, or press ? or * to list all spells.
Aiming: Sandblast
Press: ? - help, Shift-Dir - straight line, f/p - orc wizard
Aim: an orc wizard, wielding a dagger and wearing a robe (heavily wounded, fast)
The blast of sand hits the orc wizard.
The orc wizard is severely wounded.
b - 58 stones The orc wizard closely misses you.
The orc hits you with a falchion.
You die...

###+###.......#.# #.#
#.......#.# #.# #.......#.#
#.###.......#.###
#...........#.#.##
#...........#.#.#.
#..o........#.#.#.
###+###o.....######.#.#.
#......@.....######.#.#.
#......o................
#.......####.######.#.#.
#.......#...............
###'########.######.#.#.
#.########.# #.....
#..........# ###.#.
#######....########.#.
###########...................


You could see an orc wizard and 2 orcs.

Vanquished Creatures
  An orc priest (D:1)
  A leopard gecko (D:1)
  A ball python (D:1)
  A giant cockroach (D:1)
  4 hobgoblins (D:1)
  2 kobolds (D:1)
  4 bats (D:1)
  A frilled lizard (D:1)
  A rat (D:1)
16 creatures vanquished.

Notes
Turn   | Place    | Note
-------+----------+-------------------------------------------
     0 | D:1      | tehllama the Gargoyle Earth Elementalist began the quest for the Orb.
     0 | D:1      | Reached XP level 1. HP: 10/10 MP: 3/3
   184 | D:1      | Found a shattered altar of Ashenzari.
   232 | D:1      | Reached skill level 4 in Earth Magic
   232 | D:1      | Reached XP level 2. HP: 8/15 MP: 5/5
  1213 | D:1      | Reached XP level 3. HP: 19/19 MP: 4/7
  1217 | D:1      | Slain by an orc

Vault maps used:
D:1:      eino_arrival_tree_alley, nicolae_ashenzari_panopticon

Skill      XL: |  1 |
---------------+----+-----
Earth Magic    | 4 |  4.6
Dodging        | |  1.5
Stealth        | |  2.1
Spellcasting   | |  2.9
Transmutations | |  0.7

Action                   || total
-------------------------++-------
Melee: Dagger            ||    15
       Unarmed           ||     9
       Club              ||    31
 Cast: Sandblast         ||    15
 Stab: Sleeping          ||     2
Armor: Robe              ||    26
Dodge: Dodged            ||    50
